 Dungeon Sprint DCSS version 0.28-a0-1429-gf3d713df7a (webtiles) character file.

Game seed: 13165894557378121943

564 mhtbhm the Basher (level 7, -11/50 HPs)
             Began as a Gargoyle Fighter on Jan 8, 2022.
             Was an Initiate of Okawaru.
             Mangled by a red devil (18 damage)
             ... summoned by a kobold demonologist
             ... in the Dungeon (Sprint III: "The Ten Rune Challenge").
             The game lasted 00:01:54 (743 turns).

mhtbhm the Basher (Gargoyle Fighter)                 Turns: 743, Time: 00:01:55

Health: -11/50     AC:  9    Str: 21    XL:     7   Next: 32%
Magic:  8/8        EV:  9    Int:  9    God:    Okawaru [......]
Gold:   45         SH:  5    Dex:  9    Spells: 4/6 levels left

rFire   . . .      SeeInvis .   a - +0 flail
rCold   . . .      Faith    .   c - +0 buckler
rNeg    + . .      Spirit   .   b - +0 scale mail
rPois   ∞          Reflect  .   (no helmet)
rElec   +          Harm     .   (no cloak)
rCorr   .          Rampage  .   (no gloves)
Will    .....      NoTele   +   (no boots)
Stlth   ..........              (no amulet)
HPRegen 0.16/turn               (no ring)
MPRegen 0.11/turn               (no ring)

@: spiked, corroded, hasted, very quick
A: sickness immunity, AC +4, negative energy resistance 1, electricity
resistance, torment resistance 1, petrification resistance, MP-powered wands
a: Renounce Religion


You were in the Dungeon.
You worshipped Okawaru.
Okawaru was noncommittal.
You visited 1 branch You collected 45 gold pieces.

Inventory:

Hand Weapons
 a - a +0 flail (weapon)
Armour
 b - a +0 scale mail (worn)
 c - a +0 buckler (worn)
Scrolls
 i - 2 scrolls of immolation {unknown}
 j - a scroll of blinking
 k - 3 scrolls of identify
Potions
 e - 2 potions of curing
 h - 2 potions of magic
 l - 4 potions of flight


   Skills:
 + Level 8.5 Fighting
 + Level 9.5 Maces & Flails
 + Level 8.9 Armour
 + Level 0.6 Dodging
 + Level 7.4 Shields
 * Level 2.0 Invocations


You had 4 spell levels left.
You knew the following spells:

 Your Spells              Type           Power      Damage    Failure   Level
a - Wereblood             Tmut           0%         N/A       88%         2

Your spell library contained the following spells:

 Spells                   Type           Power      Damage    Failure   Level
 Sublimation of Blood     Necr           Unusable   N/A       N/A         2
 Summon Hydra             Summ           Unusable   N/A       N/A         7

Dungeon Overview and Level Annotations

Branches:
Dungeon (1/1)

Altars:
Dithmenos
Kikubaaqudgha
Okawaru
Ru
Sif Muna
Trog
Uskayaw
Vehumet
Wu Jian
Yredelemnul
Beogh


Innate Abilities, Weirdness & Mutations

You are immune to sickness and miasma.
Your stone body is resilient. (AC +4)
You are immune to poison.
You resist negative energy. (rN+)
You are resistant to electric shocks. (rElec)
You are resistant to unholy torment.
You are immune to petrification.
You expend magic power (3 MP) to strengthen your wands.


Message History

The red devil hits you with a +0 trident.
Barbed spikes become lodged in your body.
Something hits you.
The kobold demonologist hits you but does no damage.
You barely miss the red devil.
The red devil is moderately wounded.
The red devil completely misses you. Something hits you.
The kobold demonologist gestures wildly while chanting.
Unknown command.
You feel yourself speed up.
The red devil hits you with a +0 trident.
Barbed spikes become lodged in your body.
Something hits you but does no damage.
The kobold demonologist hits you but does no damage.
The rust devil barely misses you.
The barbs in your skin will harm you if you move.
Continue? [Y]es or [N]o only, please.
The barbs in your skin will harm you if you move.
Continue? [Y]es or [N]o only, please.
The barbs in your skin will harm you if you move.
Continue? [Y]es or [N]o only, please.
The barbs in your skin will harm you if you move.
Continue? [Y]es or [N]o only, please.
The barbs in your skin will harm you if you move.
Continue?
Okay, then.
You closely miss something.
The red devil hits you but does no damage.
You hit something. Something hits you.
You block the kobold demonologist's attack.
The rust devil hits you. The rust devil corrodes you!
The red devil hits you with a +0 trident!
* * * LOW HITPOINT WARNING * * *
Barbed spikes become lodged in your body.
You miss something. Something hits you.
* * * LOW HITPOINT WARNING * * *
The kobold demonologist closely misses you.
The rust devil completely misses you.
You barely miss something.
The red devil hits you with a +0 trident!!
You die...

##...÷...#..#..# #__)#._#
.##.##...#..#..###+#'###)##
.##.###).##'#..#..........#
####.##..###...'.⌠........#
##..##..####...#...######+#
....##..###....#.⌠.#
#..##...##.....#...#
..##....#......#4###
.###..##.#.....#@{5# .# #..
####....#4K5# ▓▓ ▓▓▓
▓▓▓▓▓▓▓▓▓▓


You could see a rust devil (summoned), a kobold demonologist, a red devil
(summoned), a quasit (summoned) and a crimson imp (summoned).

Vanquished Creatures
  A necrophage (D)
  A scorpion (D)
  A water elemental (D)
  Jessica (D)
  A necromancer (D)
  3 humans (D)
  2 endoplasms (D)
  A rat (D)
11 creatures vanquished.

Notes
Turn   | Place    | Note
-------+----------+-------------------------------------------
     0 | D        | mhtbhm the Gargoyle Fighter began the quest for the Orb.
     0 | D        | Reached XP level 1. HP: 14/14 MP: 1/1
   220 | D        | Noticed Jessica
   228 | D        | Killed Jessica
   229 | D        | Reached skill level 3 in Maces & Flails
   229 | D        | Reached XP level 2. HP: 20/20 MP: 2/2
   229 | D        | Reached XP level 3. HP: 24/24 MP: 3/3
   241 | D        | Learned a level 2 spell: Wereblood
   244 | D        | Noticed a scorpion
   249 | D        | Killed a scorpion
   250 | D        | Reached skill level 5 in Fighting
   250 | D        | Reached skill level 4 in Maces & Flails
   250 | D        | Reached skill level 5 in Armour
   250 | D        | Reached skill level 5 in Shields
   250 | D        | Reached XP level 4. HP: 32/32 MP: 4/4
   312 | D        | Gained mutation: Potions are less effective at restoring
                  | your health. [potion of mutation]
   312 | D        | Gained mutation: You have a pair of small antennae on your
                  | head. [potion of mutation]
   313 | D        | Lost mutation: Potions are less effective at restoring your
                  | health. [potion of mutation]
   313 | D        | Lost mutation: You have a pair of small antennae on your
                  | head. [potion of mutation]
   313 | D        | Gained mutation: Your body sometimes deteriorates upon
                  | taking damage. [potion of mutation]
   313 | D        | Gained mutation: Your body often deteriorates upon taking
                  | damage. [potion of mutation]
   314 | D        | Lost mutation: Your body often deteriorates upon taking
                  | damage. [potion of mutation]
   314 | D        | Lost mutation: Your body sometimes deteriorates upon taking
                  | damage. [potion of mutation]
   314 | D        | Gained mutation: You expend magic power (3 MP) to
                  | strengthen your wands. [potion of mutation]
   329 | D        | Noticed a water elemental
   340 | D        | Killed a water elemental
   341 | D        | Reached skill level 6 in Maces & Flails
   341 | D        | Reached XP level 5. HP: 21/37 MP: 5/5
   478 | D        | Found a hide-covered altar of Uskayaw.
   478 | D        | Found an iron altar of Okawaru.
   478 | D        | Found a bloodstained altar of Trog.
   478 | D        | Found an ornate altar of the Wu Jian Council.
   478 | D        | Noticed a human
   478 | D        | Noticed a human
   525 | D        | Killed a human
   526 | D        | Reached skill level 7 in Maces & Flails
   526 | D        | Reached XP level 6. HP: 26/44 MP: 6/6
   532 | D        | Killed a human
   533 | D        | Reached skill level 9 in Maces & Flails
   533 | D        | Reached XP level 7. HP: 25/49 MP: 7/7
   571 | D        | Became a worshipper of Warmaster Okawaru
   689 | D        | Found a basalt altar of Yredelemnul.
   689 | D        | Found a shadowy altar of Dithmenos.
   689 | D        | Found a sacrificial altar of Ru.
   725 | D        | Found a radiant altar of Vehumet.
   725 | D        | Found a shimmering blue altar of Sif Muna.
   725 | D        | Found an ancient bone altar of Kikubaaqudgha.
   732 | D        | Noticed a red devil
   739 | D        | Noticed a rust devil
   743 | D        | Mangled by a red devil

Illustrated notes

Levels and vault maps discovered:
D:        dungeon_sprint_mu [sprint_mu_entry_cave, sprint_mu_temple_rooms,
          sprint_mu_d1_spiders, sprint_mu_d2_genie, sprint_mu_d3_branching,
          sprint_mu_orc_legion, sprint_mu_elf_gauntlet, sprint_mu_hive_nellie,
          sprint_mu_lair_fedhas, sprint_mu_vaults_butterflies,
          sprint_mu_slime_circle, sprint_mu_swamp_cave, sprint_mu_shoals_archi,
          sprint_mu_blade_basic, sprint_mu_crypt_chambers,
          sprint_mu_tomb_spiral, sprint_mu_vestibule_basic,
          sprint_mu_gehenna_hellfire, sprint_mu_dis_giant,
          sprint_mu_tartarus_statrot, sprint_mu_cocytus_islands, sprint_mu_zot1]

Skill      XL: |  1  2  3  4  5  6  7 |
---------------+----------------------+-----
Fighting       | 4 5 6 7 8 |  8.5
Maces & Flails | 3 4 6 7 9 |  9.5
Armour         | 4 5 6 7 8 |  8.9
Shields        | 4 5 6 7 |  7.4
Invocations    | 2 |  2.0
Dodging        | |  0.6

Action                   |  1- 3 |  4- 6 |  7- 9 || total
-------------------------+-------+-------+-------++-------
Melee: Flail             |    18 |    36 |    22 ||    76
  Use: Potion            |     2 |     5 |     1 ||     8
Armor: Scale mail        |     3 |     8 |    16 ||    27
Dodge: Dodged            |     4 |    11 |    13 ||    28
Block: Buckler           |     4 |     6 |     3 ||    13

Table legend: (Time is in decaauts)
 A = Elapsed time spent in this place.
 B = Non-inter-level travel time spent in this place.
 C = Inter-level travel time spent in this place.
 D = Time resting spent in this place.
 E = Time spent auto-exploring this place.
 F = Levels seen in this place.
 G = Mean time per level.
                   A        B        C        D        E       F      G
               +--------+--------+--------+--------+--------+-----+--------+
         Total |    748 |    748 |      0 |    473 |     16 |   1 |  748.0 |
       Dungeon |    748 |    748 |      0 |    473 |     16 |   1 |  748.0 |
               +--------+--------+--------+--------+--------+-----+--------+

Top non-repeatable levels by time:
       D: 748 daAuts
